 Dungeon Crawl Stone Soup version 0.26.1-11-gd32895ea62 (webtiles) character file.

Game seed: 5783028083552911195

143 Zeld the Sneak (level 5, -1/25 HPs)
             Began as a Spriggan Brigand on June 4, 2021.
             Killed by divine providence
             ... invoked by an orc priest
              (11 damage)
             ... on level 2 of the Dungeon.
             The game lasted 00:04:03 (3570 turns).

Zeld the Sneak (Spriggan Brigand)                   Turns: 3570, Time: 00:04:04

Health: -1/25      AC:  3    Str:  7    XL:     5   Next: 4%
Magic:  6/6        EV: 16    Int: 12    God:
Gold:   104        SH:  5    Dex: 19    Spells: 4/4 levels left

rFire    . . .     SeeInvis +   a - +2 dagger
rCold    . . .     Faith    .   p - +0 buckler
rNeg     . . .     Spirit   .   b - +0 robe
rPois    .         Reflect  .   (helmet restricted)
rElec    .         Harm     .   c - +0 cloak
rCorr    .         Rampage  .   (gloves unavailable)
Will     .....                  (boots unavailable)
Stlth    ++++......             (no amulet)
HPRegen  0.08/turn              (no ring)
MPRegen  0.10/turn              (no ring)

@: very quick
A: very small, unfitting armour, see invisible, speed 3
a: no special abilities


You were on level 2 of the Dungeon.
You visited 1 branch of the dungeon, and saw 3 of its levels.

You collected 104 gold pieces.

Inventory:

Hand Weapons
 a - a +2 dagger (weapon)
Missiles
 d - 20 poisoned darts (quivered)
 e - 2 curare-tipped darts
Armour
 b - a +0 robe (worn)
 c - a +0 cloak (worn)
 p - a +0 buckler (worn)
Jewellery
 o - an uncursed ring of wizardry {unknown}
Scrolls
 f - 2 scrolls of teleportation {unknown}
 h - a scroll of remove curse {unknown}
 k - a scroll of identify {unknown}
 m - a scroll of immolation {unknown}
 n - 2 scrolls of enchant weapon {unknown}
Potions
 g - a potion of curing {unknown}
 i - a potion of lignification {unknown}
 j - a potion of brilliance {unknown}
 l - 2 potions of haste {unknown}


   Skills:
 - Level 1.5 Fighting
 - Level 2.1 Short Blades
 * Level 4.4 Throwing
 - Level 1.5 Dodging
 + Level 7.3 Stealth


You had 4 spell levels left.
You didn't know any spells.
Your spell library was empty.

Dungeon Overview and Level Annotations

Branches:
Dungeon (3/15)

Altars:
Ashenzari


Innate Abilities, Weirdness & Mutations

You are very small and have problems with some larger weapons.
You are too small for most types of armour.
You have supernaturally acute eyesight. (SInv)
You cover ground extremely quickly.


Message History

The orc priest is almost dead.
The orc priest mumbles some strange prayers to Beogh against you.
Pain shoots through your body!
You are too injured to fight recklessly!
You are too injured to fight recklessly!
You are too injured to fight recklessly!
You are too injured to fight recklessly!
You are too injured to fight recklessly!
There is a stone staircase leading up here.
The orc priest misses you.
You climb upwards.
There is a stone staircase leading down here.
You hit the orc priest.
The orc priest is almost dead.
The orc priest barely misses you.
You hit the orc priest but do no damage.
The orc priest is almost dead.
The orc priest calls down the wrath of Beogh upon you.
Beogh smites you!
You die...

## #.# #......##.# .# #.#
###########.####..#.# .# #.#
##.....##.....####.#.# .#
#.###............).###.#.# .#
#.##................##...# .###
#.##................###..## ...##
#.##.........[......##..##.
<.[.###.##.......o........##....(
#.........######@................
#####.#.###≈≈≈≈###...........###.
####..###≈≈≈≈≈≈###..........# ##
#............≈≈..........##.####
#.##..........≈≈.......#......##
#.........≈≈....≈...##.####.....
#.#.)....≈..≈≈..≈..###.# ####..
###......≈....≈≈...###.# ###
#.......≈≈⌠.......##.#


You could see an orc priest.

Vanquished Creatures
  A hound (D:2)
  An orc wizard (D:3)
  2 adders
  2 oozes (D:1)
  4 dart slugs
  An orc (D:3)
  2 ball pythons (D:1)
  2 giant cockroaches
  3 goblins
  5 hobgoblins
  9 jackals
  4 kobolds
  A quokka (D:3)
  6 bats
  2 frilled lizards (D:2)
  7 rats
52 creatures vanquished.

Notes
Turn   | Place    | Note
-------+----------+-------------------------------------------
     0 | D:1      | Zeld the Spriggan Brigand began the quest for the Orb.
     0 | D:1      | Reached XP level 1. HP: 10/10 MP: 2/2
   119 | D:1      | Reached skill level 6 in Stealth
   135 | D:1      | Reached XP level 2. HP: 14/14 MP: 3/3
   453 | D:1      | Reached XP level 3. HP: 18/18 MP: 4/4
  2038 | D:2      | Reached XP level 4. HP: 22/22 MP: 5/5
  2047 | D:2      | Found a broken altar of Ashenzari.
  2602 | D:2      | Reached skill level 7 in Stealth
  3362 | D:3      | Reached XP level 5. HP: 24/25 MP: 6/6
  3570 | D:2      | Killed from afar by an orc priest

Illustrated notes

Levels and vault maps discovered:
D:1:      matt_arrival_spirals, layout_basic, grunt_decor_cap
D:2:      cheibrodos_helix_gallery, layout_rooms, ashenzari_altar_1
D:3:      layout_basic

Skill      XL: |  1  2  3  4 |
---------------+-------------+-----
Stealth        | 6 7 |  7.3
Throwing       | 3 4 |  4.4
Fighting       | |  1.5
Short Blades   | |  2.1
Dodging        | |  1.5

Action                   |  1- 3 |  4- 6 || total
-------------------------+-------+-------++-------
Melee: Dagger            |   148 |    88 ||   236
 Stab: Sleeping          |     9 |     7 ||    16
       Distracted        |     2 |       ||     2
Armor: Robe              |    28 |    11 ||    39
Dodge: Dodged            |   170 |    63 ||   233
Block: Buckler           |       |     2 ||     2
